 Dungeon Crawl Stone Soup version 0.30.1-10-g1249ef9ec4 (webtiles) character file.

Game seed: 2828745515398827838

5728 lonewolfV2 the Schismatic (level 10, -6/68 (70) HPs)
             Began as a Demonspawn Fighter on Oct 27, 2023.
             Was an Elder of Lugonu.
             Killed from afar by a steam dragon (13 damage)
             ... with a ball of steam
             ... on level 8 of the Dungeon.
             The game lasted 00:16:59 (8207 turns).

lonewolfV2 the Schismatic (Demonspawn Fighter)      Turns: 8207, Time: 00:16:59

HP:   -6/68 (70)    AC: 27    Str: 22    XL:     10   Next: 48%
MP:   27/27         EV:  6    Int:  9    God:    Lugonu [****..]
Gold: 351           SH: 15    Dex: 12    Spells: 9/9 levels left

rFire   . . .        a - +1 war axe
rCold   + . .        g - +3 tower shield
rNeg    . . .        t - +0 plate armour
rPois   +            n - +2 hat of the Gusle {rElec rPois rC+ Will-}
rElec   +            (no cloak)
rCorr   .            (no gloves)
SInv    .            (no boots)
Will    .....        p - amulet of magic regeneration Stlth
                     f - ring of magical power
HPRegen 0.31/turn    (no ring)
MPRegen 0.60/turn

%: no passive effects
@: sanguine armoured, lightly drained
A: icemail 2, sanguine armour 3, condensation shield, hooves 1, mutation
resistance 1
a: Renounce Religion, Depart the Abyss, Banish, Corrupt


You were on level 8 of the Dungeon.
You worshipped Lugonu.
Lugonu was greatly pleased with you.
You visited 2 branches of the dungeon, and saw 9 of its levels.

You collected 351 gold pieces.

Inventory:

Hand Weapons
 a - a +1 war axe (weapon)
 o - the +5 woodcutter's axe
   (You found it on level 5 of the Dungeon)
Armour
 g - a +3 tower shield (worn)
 n - the +2 hat of the Gusle (worn) {rElec rPois rC+ Will-}
   (You acquired it on level 6 of the Dungeon)

   rC:        It protects you from cold.
   rElec:     It insulates you from electricity.
   rPois:     It protects you from poison.
   Will:      It decreases your willpower.
 t - a +0 plate armour (worn)
Jewellery
 d - a ring of wizardry
 f - a ring of magical power (left hand)
 p - an amulet of magic regeneration (around neck)
Wands
 u - a wand of iceblast (7)
Scrolls
 c - a scroll of teleportation
 m - 2 scrolls of fog
 r - 2 scrolls of identify
Potions
 b - a potion of attraction {unknown}
 e - 2 potions of brilliance
 h - a potion of heal wounds
 j - a potion of lignification
 k - 5 potions of haste
 q - a potion of degeneration
 s - 2 potions of invisibility


   Skills:
 - Level 3.0 Fighting
 - Level 1.7 Axes
 + Level 8.7 Armour
 + Level 8.8 Dodging
 - Level 2.6 Shields
 + Level 11.3 Invocations


You had 9 spell levels left.
You didn't know any spells.
Your spell library contained the following spells:

 Spells                   Type           Power      Damage    Failure   Level
 Lesser Beckoning         Tloc           0%         N/A       100%        2
 Gell's Gravitas          Tloc           0%         N/A       100%        3
 Teleport Other           Tloc           0%         N/A       100%        3


Dungeon Overview and Level Annotations

Branches:
Dungeon (8/15)             Temple (1/1) D:4            Lair (0/5) D:8

Altars:
Cheibriados
Dithmenos
Hepliaklqana
Kikubaaqudgha
Makhleb
Okawaru
Ru
Sif Muna
Trog
Vehumet
Wu Jian
Lugonu

Annotations:
D:5 2 transporters
Temple 2 transporters


Innate Abilities, Weirdness & Mutations

A meltable icy envelope protects you from harm. (AC +0)
When seriously injured, your blood forms very thick armour. (AC +12)
A meltable shield of frost defends you. (SH +0)
You have large cloven feet.
You are somewhat resistant to further mutation.


Message History

The steam dragon is almost dead.
You are engulfed in a cloud of scalding steam.
The steam dragon bites you but does no damage.
The steam dragon claws you but does no damage.
You barely miss the steam dragon.
You kick the steam dragon, but do no damage.
The steam dragon is almost dead.
You block the steam dragon's attack.
The steam dragon claws you but does no damage.
The steam dragon barely misses you.
The steam dragon claws you but does no damage.
You barely miss the steam dragon. You kick the steam dragon.
The steam dragon is almost dead.
The steam dragon breathes steam at you. The ball of steam hits you!!
* * * LOW HITPOINT WARNING * * *
You block the steam dragon's attack. x2
You barely miss the steam dragon.
You kick the steam dragon, but do no damage.
The steam dragon is almost dead.
You are engulfed in a cloud of scalding steam.
The steam dragon closely misses you.
The steam dragon claws you but does no damage.
You barely miss the steam dragon. Your kick misses the steam dragon.
The steam dragon is almost dead.
You block the steam dragon's attack. x3
The steam dragon claws you but does no damage.
You hit the steam dragon.
You kick the steam dragon, but do no damage.
The steam dragon is almost dead.
The steam dragon breathes steam at you. The ball of steam misses you.
The steam dragon barely misses you.
The steam dragon claws you but does no damage.
You barely miss the steam dragon. Your kick misses the steam dragon.
The steam dragon is almost dead.
You are engulfed in a cloud of scalding steam.
* * * LOW HITPOINT WARNING * * *
The steam dragon breathes steam at you. The ball of steam hits you!
You die...

#......)## ##.......## ##.##.#
#.......# ##.....## #.##.#
####.#### ##...## #.#... #.# ##'##
#.#... ##.# #####.# #.#... ##..#
#.....# #.##.#
###...########.)##.#########.##.#
........##......ยง..))......#.....
.###.........###@...).#.........#
,*,####...####,#D...#...##.#####P
,**,,,#####,,,##.#.###.###.# ##.
,,*,,,,,,,,,,,#.)......# #.# #P.
,,*,,*,,,,,*,,#..#.#######.####P.
,,**,,**,**,,##..................
*,,*,,**,**,,#..##.###########...
*,,*,,**,,,,,#..##.# ##..
*,,*,,*****,,#..##<# ##.


You could see a steam dragon (catching breath).

Vanquished Creatures
  Sigmund (D:5)
  2 wyverns (D:8)
  A basilisk (D:8)
  12 yaks
  2 steam dragons
  5 water moccasins
  Duvessa (D:7)
  2 ice beasts (D:6)
  2 black bears
  An orc warrior (D:7)
  3 ogres
  A centaur (D:8)
  Blork the orc (D:4)
  3 bullfrogs (D:7)
  5 scorpions
  Dowan (D:7)
  7 wights (D:8)
  A gnoll bouda (D:7)
  2 orc priests (D:3)
  A hound (D:5)
  8 iguanas
  8 orc wizards
  A sleepcap (D:4)
  9 adders
  3 gnolls (D:7)
  A shadow imp (D:7)
  3 white imps
  An ufetubus (D:4)
  4 worms
  3 dart slugs
  32 orcs
  7 ball pythons
  10 endoplasms
  2 giant cockroaches (D:4)
  5 goblins
  4 hobgoblins
  7 jackals
  6 kobolds
  3 quokkas
  5 bats
  4 frilled lizards
  5 rats
185 creatures vanquished.

Vanquished Creatures (others)
  An orc wizard (D:5)
1 creature vanquished.

Grand Total: 186 creatures vanquished

Notes
Turn   | Place    | Note
-------+----------+-------------------------------------------
     0 | D:1      | lonewolfV2 the Demonspawn Fighter began the quest for the
                  | Orb.
     0 | D:1      | Reached XP level 1. HP: 18/18 MP: 1/1
    38 | D:1      | Reached skill level 1 in Dodging
   132 | D:1      | Gained mutation: When seriously injured, your blood forms
                  | armour. (AC +12) [demonic ancestry]
   132 | D:1      | Reached XP level 2. HP: 20/24 MP: 2/2
   814 | D:1      | Reached XP level 3. HP: 15/29 MP: 3/3
   932 | D:2      | Gained mutation: You are somewhat resistant to further
                  | mutation. [potion of mutation]
   932 | D:2      | Gained mutation: You have large cloven feet. [potion of
                  | mutation]
  1311 | D:2      | Found a faded altar of an unknown god.
  1337 | D:2      | Prayed at the altar of an unknown god.
  1337 | D:2      | Became a worshipper of Lugonu the Unformed
  1337 | D:2      | Reached * piety under Lugonu
  1425 | D:2      | Gained mutation: When seriously injured, your blood forms
                  | thick armour. (AC +12) [demonic ancestry]
  1425 | D:2      | Reached XP level 4. HP: 35/35 MP: 4/4
  1673 | D:3      | You fall into a shaft and drop 3 floors!
  1680 | D:6      | Noticed an ogre
  1687 | D:6      | Killed an ogre
  1688 | D:6      | Reached skill level 1 in Invocations
  1688 | D:6      | Reached XP level 5. HP: 27/41 MP: 4/6
  1695 | D:5      | Entered Level 5 of the Dungeon
  2055 | D:3      | Reached skill level 2 in Invocations
  2376 | D:3      | Reached ** piety under Lugonu
  2465 | D:3      | Gained mutation: A meltable shield of frost defends you.
                  | (SH +0) [demonic ancestry]
  2465 | D:3      | Reached XP level 6. HP: 28/47 MP: 7/7
  2727 | D:3      | Found a burning altar of Makhleb.
  3075 | D:4      | Reached skill level 3 in Invocations
  3088 | D:4      | Found a staircase to the Ecumenical Temple.
  3168 | D:4      | Found a hazy altar of Hepliaklqana.
  3298 | D:4      | Noticed Blork the orc
  3314 | D:4      | Killed Blork the orc
  3590 | D:4      | Reached skill level 4 in Invocations
  3590 | D:4      | Gained mutation: A meltable icy envelope protects you from
                  | harm. (AC +0) [demonic ancestry]
  3590 | D:4      | Reached XP level 7. HP: 32/52 MP: 10/10
  3811 | D:5      | Found the +5 woodcutter's axe
  3939 | D:5      | Reached skill level 5 in Dodging
  4048 | D:5      | Reached skill level 5 in Armour
  4048 | D:5      | Reached skill level 5 in Invocations
  4097 | D:5      | Noticed a yak
  4097 | D:5      | Noticed a yak
  4097 | D:5      | Noticed a yak
  4098 | D:5      | Noticed a yak
  4113 | D:5      | Killed a yak
  4116 | D:5      | Killed a yak
  4117 | D:5      | Reached skill level 6 in Invocations
  4117 | D:5      | Gained mutation: When seriously injured, your blood forms
                  | very thick armour. (AC +12) [demonic ancestry]
  4117 | D:5      | Reached XP level 8. HP: 58/58 MP: 12/12
  4277 | D:5      | Found a transporter.
  4344 | D:5      | Reached skill level 7 in Invocations
  4452 | D:5      | Found a transporter.
  4619 | D:5      | Noticed Sigmund
  4626 | D:5      | Killed Sigmund
  4626 | D:5      | Reached *** piety under Lugonu
  4644 | D:5      | Found an iron altar of Okawaru.
  4740 | D:6      | Identified a scroll of acquirement
  4740 | D:6      | Acquired the +2 hat of the Gusle {rElec rPois rC+ Will-}
  5201 | Temple   | Entered the Ecumenical Temple
  5201 | Temple   | Found a transporter.
  5201 | Temple   | Found a transporter.
  5335 | D:6      | Reached skill level 8 in Invocations
  5535 | D:6      | Reached XP level 9. HP: 63/63 MP: 15/15
  6306 | D:7      | Reached skill level 9 in Invocations
  6329 | D:7      | Found a shimmering blue altar of Sif Muna.
  6337 | D:7      | Found a shadowy altar of Dithmenos.
  6339 | D:7      | Found a bloodstained altar of Trog.
  6381 | D:7      | Noticed Duvessa
  6386 | D:7      | Noticed Dowan
  6410 | D:7      | Killed Dowan
  6414 | D:7      | Killed Duvessa
  6907 | D:7      | Found a sacrificial altar of Ru.
  7055 | D:8      | Reached skill level 10 in Invocations
  7058 | D:8      | Gained mutation: A meltable icy envelope protects you from
                  | harm. (AC +0) [demonic ancestry]
  7058 | D:8      | Reached XP level 10. HP: 54/70 MP: 17/17
  7125 | D:8      | Reached **** piety under Lugonu
  7352 | D:8      | Found a staircase to the Lair.
  7478 | D:8      | Reached skill level 11 in Invocations
  8207 | D:8      | Killed from afar by a steam dragon

Illustrated notes

Levels and vault maps discovered:
D:1:      ncdulo_halloftheorcs, layout_basic
D:2:      layout_rooms, ebering_ecumenical_altar_box, nrook_campfire,
          grunt_ministairs_8, minmay_misc_feat_doors, nrook_mini_backslash,
          minivault_25, kennysheep_generic_room_13
D:3:      layout_loops_cross, lightli_temple_of_fire
D:4:      layout_cave_pools, mainiacjoe_overflow_paths,
          minmay_temple_entry_slanted, uniq_blork_the_orc
D:5:      gammafunk_steamed_eel, layout_basic,
          hellmonk_okawaru_the_only_friend_you_need, minivault_11, uniq_sigmund
D:6:      layout_gridville
D:7:      layout_rooms, nicolae_ru_path_of_blood, grunt_temple_overflow_open,
          chequers_serial_rivers_marsh, kennysheep_path_1, uniq_duvessa
D:8:      layout_loops_corners, minmay_lair_entry_grove, minmay_pinched_square
Temple:   hellmonk_temple_divided_pantheon

Skill      XL: |  1  2  3  4  5  6  7  8  9 10 |
---------------+-------------------------------+-----
Dodging        | 1 2 3 4 5 6 8 |  8.8
Armour         | 3 4 5 6 8 |  8.7
Invocations    | 1 2 4 6 8 10 11 | 11.3
Fighting       | |  3.0
Axes           | |  1.7
Shields        | |  2.6

Action                     |  1- 3 |  4- 6 |  7- 9 | 10-12 || total
---------------------------+-------+-------+-------+-------++-------
  Melee: War axe           |   120 |   169 |   362 |   157 ||   808
         Kick              |    11 |    32 |   106 |    58 ||   207
  Evoke: Wand              |       |       |     5 |       ||     5
    Use: Potion            |     1 |     3 |     6 |     3 ||    13
         Scroll            |     1 |    10 |     4 |     5 ||    20
 Armour: Scale mail        |    81 |    68 |    61 |       ||   210
         Chain mail        |       |       |    67 |       ||    67
         Plate armour      |       |       |   145 |   103 ||   248
  Dodge: Dodged            |    39 |    53 |   137 |    39 ||   268
  Block: Tower shield      |    92 |   170 |   431 |   196 ||   889
